 Dungeon Crawl Stone Soup version 0.27-a0-819-g058290f16d (webtiles) character file.

Game seed: 1041491112743045339

591 jestyr24 the Magician (level 7, -1/47 HPs)
             Began as a Djinni Fire Elementalist on Mar 29, 2021.
             Was an Initiate of Makhleb.
             Slain by Prince Ribbit (19 damage)
             ... on level 6 of the Dungeon.
             The game lasted 00:15:54 (3412 turns).

jestyr24 the Magician (Djinni Fire Elementalist)    Turns: 3412, Time: 00:15:56

Health: -1/47      AC:  2    Str:  7    XL:     7   Next: 39%
Gold:   149        EV: 13    Int: 18    God:    Makhleb [......] SH:  0 Dex: 14

rFire    + + .     SeeInvis .   m - +0 lajatang
rCold    x . .     Faith    .   (shield currently unavailable)
rNeg     . . .     Spirit   .   a - +0 robe
rPois    ∞         Reflect  .   (no helmet)
rElec    .         Harm     .   (no cloak)
rCorr    .         Rampage  .   (no gloves)
Will     .....                  (boots unavailable)
Stlth    ++........             (no amulet)
HPRegen  0.15/turn              (no ring)
MPRegen  0.00/turn              (no ring)

@: flying
A: fire resistance 2, cold vulnerability 1, float, innate caster, hp casting,
extra vitality 1
a: Renounce Religion


You were on level 6 of the Dungeon.
You worshipped Makhleb.
Makhleb was noncommittal.
You visited 2 branches of the dungeon, and saw 5 of its levels.

You collected 149 gold pieces.

Inventory:

Hand Weapons
 d - a +1 whip of electrocution
 m - a +0 lajatang (weapon)
Missiles
 e - 15 poisoned darts
Armour
 a - a +0 robe (worn)
 i - a +1 leather armour of fire resistance
 k - a +0 pair of boots
Jewellery
 p - a ring of poison resistance
Scrolls
 b - a scroll of identify
 c - a scroll of magic mapping
 g - a scroll of blinking
 h - a scroll of teleportation
Potions
 f - a potion of haste
 j - 3 potions of might
 l - a potion of mutation {unknown}
 n - a potion of attraction {unknown}
 o - 2 potions of heal wounds {unknown}


   Skills:
 * Level 1.5 Fighting
 - Level 0.3(0.7) Maces & Flails
 - Level 1.0(1.1) Staves
 + Level 3.3 Dodging
 + Level 2.6 Stealth
 + Level 6.0 Spellcasting


You couldn't memorise any spells.
You knew the following spells:

 Your Spells              Type           Power      Damage    Failure   Level
a - Foxfire               Conj/Fire      100%       2x1d9     1%          1
b - Conjure Flame         Conj/Fire      27%        6-21      3%          3
c - Inner Flame           Hex/Fire       27%        N/A       3%          3
d - Sticky Flame          Conj/Fire      27%        2d5       10%         4
e - Fireball              Conj/Fire      13%        3d7       28%         5
f - Magic Dart            Conj           100%       1d8       1%          1
g - Ensorcelled Hibernat  Hex/Ice        54%        N/A       1%          2
h - Mephitic Cloud        Conj/Pois/Air  27%        N/A       3%          3
Your spell library was empty.

Dungeon Overview and Level Annotations

Branches:
Dungeon (6/15)             Temple (1/1) D:6

Altars:
Cheibriados
Fedhas
Gozag
Kikubaaqudgha
Makhleb
Okawaru
Qazlal
Sif Muna
Uskayaw
Xom
Zin
Jiyva

Annotations:
D:6 Menkaure, Prince Ribbit


Innate Abilities, Weirdness & Mutations

You are immune to poison.
Your flesh is very heat resistant. (rF++)
You are vulnerable to cold. (rC-)
You float through the air rather than walking.
You learn spells naturally, not from books.
Your magical power is your life essence.
You have superior vitality. (+4 HP)


Message History

Found a short sword.
o - 2 lumpy inky potions (gained 1) HP restored.
Found an escape hatch in the ceiling.
j - 3 potions of might (gained 1)
You now have 129 gold pieces (gained 19).
You now have 139 gold pieces (gained 10).
You now have 149 gold pieces (gained 10).
Prince Ribbit and Menkaure come into view.
Prince Ribbit blinks!
Prince Ribbit blinks!
Casting: Foxfire (safe; 1% risk of failure)
Confirm with . or Enter, or press ? or * to list all spells.
Aiming: Inner Flame (dangerous; 3% risk of failure)
Press: ? - help, Shift-Dir - straight line, f - Prince Ribbit
Aim: Prince Ribbit (chance to affect: 69%) Prince Ribbit struggles to resist.
Casting: Inner Flame (dangerous; 3% risk of failure)
Confirm with . or Enter, or press ? or * to list all spells.
Aiming: Inner Flame (dangerous; 3% risk of failure)
Press: ? - help, Shift-Dir - straight line, f/p - Prince Ribbit
Aim: Prince Ribbit (chance to affect: 69%) Prince Ribbit is filled with an inner flame.
Prince Ribbit completely misses you.
Casting: Inner Flame (dangerous; 3% risk of failure)
Confirm with . or Enter, or press ? or * to list all spells.
You conjure some foxfire!
Prince Ribbit hits you!
You hit Prince Ribbit.
Flame seeps out of Prince Ribbit.
Prince Ribbit is lightly wounded.
The foxfire hits Prince Ribbit!
Flame seeps out of Prince Ribbit.
Prince Ribbit is moderately wounded.
The foxfire hits Prince Ribbit.
Flame seeps out of Prince Ribbit.
Prince Ribbit is heavily wounded.
Prince Ribbit is engulfed in blazing flames.
Flame seeps out of Prince Ribbit.
Prince Ribbit hops awkwardly around.
Prince Ribbit hits you!
Prince Ribbit is engulfed in blazing flames.
Flame seeps out of Prince Ribbit.
Prince Ribbit hits you!!
You die...

.#........##..#.###### #
#...#...###÷........#
#.......##...#####.#
.....##.......####.###### #
........................
#.#####.##..###..#.##..#####
#......................##...
........##F.##...#......####
#.......##.@§....####..##
#.......###..## #..#
#.##.#### #..... ....# #.#
#.#######...# .F# #.# #....
...# #.# ....# ..# .....#
### ..M..$#


You could see Prince Ribbit (inner flame).

Vanquished Creatures
  Sigmund (D:2)
  3 ogres
  2 hounds (D:6)
  A centaur skeleton (D:6)
  4 adders (D:3)
  2 worms (D:3)
  3 orcs
  3 ball pythons
  6 bats
  3 endoplasms
  4 hobgoblins
  4 quokkas
  3 frilled lizards
  4 goblins
  7 kobolds
  3 rats (D:2)
53 creatures vanquished.

Vanquished Creatures (others)
  124 foxfires
124 creatures vanquished.

Grand Total: 177 creatures vanquished

Notes
Turn   | Place    | Note
-------+----------+-------------------------------------------
     0 | D:1      | jestyr24 the Djinni Fire Elementalist began the quest for
                  | the Orb.
     0 | D:1      | Reached XP level 1. HP: 15/15 MP: 0/0
   481 | D:1      | Reached XP level 2. HP: 21/21 MP: 0/0
   509 | D:1      | Reached skill level 3 in Spellcasting
  1398 | D:2      | Found a glowing silver altar of Zin.
  1404 | D:2      | Reached XP level 3. HP: 24/25 MP: 0/0
  1404 | D:2      | Learned a level 1 spell: Magic Dart
  1404 | D:2      | Found a hide-covered altar of Uskayaw.
  1448 | D:2      | Noticed an ogre
  1454 | D:2      | Killed an ogre
  1455 | D:2      | Reached skill level 4 in Spellcasting
  1455 | D:2      | Reached XP level 4. HP: 4/31 MP: 0/0
  1830 | D:2      | Found a blossoming altar of Fedhas.
  1998 | D:2      | Reached XP level 5. HP: 35/35 MP: 0/0
  1998 | D:2      | Learned a level 2 spell: Ensorcelled Hibernation
  2087 | D:3      | Noticed Sigmund
  2270 | D:2      | Killed Sigmund
  2271 | D:2      | Reached skill level 5 in Spellcasting
  2271 | D:2      | Reached XP level 6. HP: 6/40 MP: 0/0
  2863 | D:3      | Reached skill level 1 in Staves
  3092 | D:3      | You are sucked into a shaft and drop 3 floors!
  3092 | D:6      | Found a staircase to the Ecumenical Temple.
  3097 | D:6      | Reached XP level 7. HP: 40/46 MP: 0/0
  3097 | D:6      | Learned a level 3 spell: Mephitic Cloud
  3103 | D:6      | Reached skill level 1 in Fighting
  3110 | Temple   | Entered the Ecumenical Temple
  3265 | Temple   | Became a worshipper of Makhleb the Destroyer
  3297 | D:6      | Reached skill level 6 in Spellcasting
  3404 | D:6      | Noticed Prince Ribbit
  3404 | D:6      | Noticed Menkaure
  3412 | D:6      | Slain by Prince Ribbit

Illustrated notes

Levels and vault maps discovered:
D:1:      minmay_arrival_diagonal_passages, layout_loops_cross
D:2:      layout_loops_ring, grunt_temple_overflow_open, fedhas_altar_4
D:3:      layout_rooms, uniq_sigmund, uniq_ijyb
D:6:      layout_loops_cross, minmay_temple_entry_mini_moons,
          uniq_prince_ribbit1, uniq_menkaure, uniq_crazy_yiuf_cottage
Temple:   pf_slimified_temple

Skill      XL: |  1  2  3  4  5  6  7 |
---------------+----------------------+-----
Spellcasting   | 3 4 5 6 |  6.0
Stealth        | 2 |  2.6
Dodging        | 3 |  3.3
Staves         | 1 |  1.0
Fighting       | 1 |  1.5
Maces & Flails | |  0.3

Action                   |  1- 3 |  4- 6 |  7- 9 || total
-------------------------+-------+-------+-------++-------
Melee: Whip              |    11 |     1 |       ||    12
       Lajatang          |       |    15 |     4 ||    19
 Cast: Foxfire           |    30 |    35 |     5 ||    70
       Inner Flame       |     1 |     3 |     3 ||     7
       Ensorcelled Hiber |       |       |     1 ||     1
  Use: Scroll            |       |     5 |       ||     5
 Stab: Sleeping          |       |     1 |       ||     1
Armor: Robe              |     5 |     1 |     5 ||    11
Dodge: Dodged            |     6 |    25 |    13 ||    44

Table legend: (Time is in decaauts)
 A = Elapsed time spent in this place.
 B = Non-inter-level travel time spent in this place.
 C = Inter-level travel time spent in this place.
 D = Time resting spent in this place.
 E = Time spent auto-exploring this place.
 F = Levels seen in this place.
 G = Mean time per level.
                   A        B        C        D        E       F      G
               +--------+--------+--------+--------+--------+-----+--------+
         Total |   3420 |   3366 |     54 |   1128 |   1529 |   5 |  684.0 |
       Dungeon |   3245 |   3191 |     54 |   1128 |   1378 |   4 |  811.2 |
        Temple |    174 |    174 |      0 |      0 |    151 |   1 |  174.0 |
               +--------+--------+--------+--------+--------+-----+--------+

Top non-repeatable levels by time:
     D:2: 1409 daAuts
     D:1: 1125 daAuts
     D:3: 563 daAuts
  Temple: 174 daAuts
     D:6: 147 daAuts
